 Dungeon Crawl Stone Soup version 0.30-a0-1164-ge08a67761e (webtiles) character file.

Game seed: 6522306466433142149

67944 Jeffwins the Destroyer (level 15, -3/100 HPs)
             Began as a Human Wanderer on Apr 29, 2023.
             Was a High Priest of Vehumet.
             Slain by a spriggan defender simulacrum (11 damage)
             ... in an ice cave.
             The game lasted 01:01:58 (29398 turns).

Jeffwins the Destroyer (Human Wanderer)            Turns: 29398, Time: 01:01:58

Health: -3/100     AC: 16    Str: 18    XL:     15   Next: 68%
Magic:  4/28       EV: 13    Int: 21    God:    Vehumet [*****.]
Gold:   1179       SH:  8    Dex: 18    Spells: 12/33 levels left

rFire   + . .        a - +0 rapier (venom)
rCold   + . .        k - +2 buckler
rNeg    . . .        U - +0 steam dragon scales
rPois   .            K - +2 helmet {Int+3}
rElec   +            f - +2 cloak {Will+}
rCorr   .            z - +2 pair of gloves {Str+3}
SInv    .            n - +0 pair of boots
Will    ++...        R - amulet of magic regeneration
Stlth   +++          t - ring of Ramyuj {rElec rF+ Dex+6}
HPRegen 0.36/turn    C - ring of protection from cold
MPRegen 0.61/turn

%: no passive effects
@: no status effects
A: no striking features
a: Renounce Religion


You were in an ice cave.
You worshipped Vehumet.
Vehumet was extremely pleased with you.
You visited 3 branches of the dungeon, and saw 20 of its levels.
You also visited: Ice Cave and Volcano.

You collected 2131 gold pieces.
You spent 952 gold pieces at shops.


   Skills:
 + Level 4.3 Fighting
 - Level 6.0 Throwing
 - Level 3.0 Armour
 + Level 3.0 Dodging
 - Level 5.0 Stealth
 + Level 7.0 Shields
 * Level 9.8 Spellcasting
 * Level 10.5 Conjurations
 - Level 10.0 Transmutations
 - Level 10.0 Fire Magic
 * Level 4.5 Ice Magic
 * Level 4.4 Air Magic
 * Level 3.4 Earth Magic
 - Level 10.0 Poison Magic
 + Level 6.0 Evocations


You had 12 spell levels left.
You knew the following spells:

 Your Spells              Type           Power      Damage    Failure   Level
c - Freezing Cloud        Conj/Ice/Air   18%        6-21      4%          5
m - Mephitic Cloud        Conj/Pois/Air  45%        N/A       1%          3
p - Foxfire               Conj/Fire      100%       2x1d9     1%          1
s - Sting                 Tmut/Pois      100%       1d8       1%          1
v - Iron Shot             Conj/Erth      19%        9d4       17%         6
x - Ignite Poison         Fire/Tmut/Pois 51%        N/A       1%          3
z - Poisonous Vapours     Pois/Air       80%        N/A       1%          2

Your spell library contained the following spells:

 Spells                   Type           Power      Damage    Failure   Level
 Yara's Violent Unravell  Hex/Tmut       15%        3d8       8%          5
 Iskenderun's Battlesphe  Conj           53%        2d10      1%          5
 Blade Hands              Tmut           25%        N/A       3%          5
 Gell's Gravitas          Tloc           10%        N/A       24%         3
 Portal Projectile        Hex/Tloc       20%        N/A       24%         3
 Teleport Other           Tloc           10%        N/A       24%         3
 Tukima's Dance           Hex            10%        N/A       24%         3
 Spellforged Servitor     Conj/Summ      16%        N/A       86%         7
 Dispersal                Tloc           5%         N/A       100%        6

Inventory:

Hand Weapons
 a - a +0 rapier of venom (weapon)
 Y - a +2 demon blade of flaming
Missiles
 m - 4 throwing nets {=f}
 w - 19 poisoned darts (quivered)
 J - a curare-tipped dart {=f}
Armour
 f - a +2 cloak of willpower (worn)
 k - a +2 buckler (worn)
 l - the +2 cloak of the Thief {*Fog Slay-2 SInv Stlth+}
   (You found it in a volcano)

   *Fog:      It may release a thick cloud of smoke when the wearer is hurt.
   Slay:      It affects your accuracy & damage with ranged weapons and melee
   (-2).
   SInv:      It lets you see invisible.
   Stlth:     It makes you more stealthy.
 n - a +0 pair of boots (worn)
 z - a +2 pair of gloves of strength (worn)
 F - the +2 pair of gloves of a wizard's laboratory {rPois rN+ Will- Dex+3}
   (You found it on level 3 of the Lair of Beasts)

   Dex:       It affects your dexterity (+3).
   rPois:     It protects you from poison.
   rN:        It protects you from negative energy.
   Will:      It decreases your willpower.
 G - a +2 cloak of poison resistance
 K - a +2 helmet of intelligence (worn)
 U - +0 steam dragon scales (worn)
Jewellery
 d - a ring of willpower
 g - an amulet of regeneration
 t - the ring of Ramyuj (left hand) {rElec rF+ Dex+6}
   (You found it on level 4 of the Dungeon)

   [ring of dexterity]

   Dex:       It affects your dexterity (+6).
   rF:        It protects you from fire.
   rElec:     It insulates you from electricity.
 C - a ring of protection from cold (right hand)
 I - a +6 ring of intelligence
 P - a ring of poison resistance
 R - an amulet of magic regeneration (around neck)
Wands
 u - a wand of roots (1)
 A - a wand of flame (18)
 B - a wand of quicksilver (2)
 Q - a wand of paralysis (2)
 S - a wand of polymorph (2)
 V - a wand of digging (4)
 X - a wand of mindburst (9)
Scrolls
 b - 4 scrolls of fog
 c - 7 scrolls of teleportation {@r4}
 j - 2 scrolls of amnesia
 p - a scroll of fear
 y - 2 scrolls of immolation {!r}
 H - 3 scrolls of blinking
 N - 2 scrolls of vulnerability {!r}
 T - a scroll of poison {!r}
Potions
 h - a potion of invisibility
 i - 6 potions of heal wounds {@q2}
 q - 9 potions of curing {@q1}
 r - 5 potions of mutation {!q}
 v - 4 potions of brilliance
 x - a potion of cancellation
 E - a potion of haste {@q3}
 L - 6 potions of ambrosia {unknown}
 M - a potion of experience {unknown}
 O - 2 potions of flight {unknown}
 W - a potion of might
 Z - a potion of resistance
Miscellaneous
 s - a condenser vane

Dungeon Overview and Level Annotations

Branches:
Dungeon (14/15)            Temple (1/1) D:4            Lair (5/5) D:9
 Shoals (0/4) Lair:3       Spider (0/4) Lair:3        Slime (0/5) Lair:5
    Orc (0/2) D:11         Vaults (0/5) D:13          IceCv (1/1)
Volcano (visited)

Altars:
Ashenzari
Cheibriados
Dithmenos
Elyvilon
Fedhas
Gozag
Hepliaklqana
Kikubaaqudgha
Makhleb
Nemelex Xobeh
Okawaru
Qazlal
Ru
Sif Muna
Trog
Uskayaw
Vehumet
Wu Jian
Xom
Yredelemnul
Zin
The Shining One
Jiyva

Shops:
D:3 [(   D:8 (   D:12 :

Annotations:
D:4 1 runed translucent door, meatpath's ghost, amateur DrBe
Lair:5 12572944's ghost, journeyman MiBe

##### ##...##
##.....##
#...∩...#
#...∩...#
##...@.##
##..Z##
#...## ##...#
##...# #...##
##...##
#.....#
#...........#


You could see a spriggan defender simulacrum.


Message History

Confirm with . or Enter, or press ? or * to list all spells.
Aiming: Iron Shot (dangerous; 17% risk of failure)
Press: ? - help, Shift-Dir - straight line, f/p - caustic shrike simulacrum
Aim: a caustic shrike simulacrum (severely damaged, 56% to hit)
The iron shot hits the caustic shrike simulacrum!!
The caustic shrike simulacrum vaporises!
Vehumet accepts your kill.
Unknown command.
Unknown command.
Casting: Iron Shot (dangerous; 17% risk of failure)
Confirm with . or Enter, or press ? or * to list all spells.
Aiming: Iron Shot (dangerous; 17% risk of failure)
Press: ? - help, Shift-Dir - straight line, f - spriggan defender simulacrum
Aim: a spriggan defender simulacrum (42% to hit)
The iron shot misses the spriggan defender simulacrum.
The spriggan defender simulacrum hits you!
* * * LOW HITPOINT WARNING * * *
The spriggan defender simulacrum freezes you!
You resist.
* * * LOW HITPOINT WARNING * * *
Unknown command.
Aiming: Paralyse
Press: ? - help, Shift-Dir - straight line, f/p - spriggan defender simulacrum
Aim: a spriggan defender simulacrum (chance to affect: 64%)
The spriggan defender simulacrum struggles to resist.
The spriggan defender simulacrum hits you.
* * * LOW HITPOINT WARNING * * *
The spriggan defender simulacrum freezes you!
You resist.
You die...

Skill      XL: |  1  2  3  4  5  6  7  8  9 10 11 12 13 14 15 |
---------------+----------------------------------------------+-----
Transmutations | 1 2 3 4 5 6 7 8 9 10 | 10.0
Stealth        | 1 2 3 4 5 |  5.0
Fire Magic     | 1 2 3 4 6 7 8 9 10 | 10.0
Conjurations   | 1 2 3 4 5 6 7 8 9 10 | 10.5
Spellcasting   | 2 3 4 5 6 7 8 9 |  9.8
Poison Magic   | 3 4 5 6 7 8 9 10 | 10.0
Shields        | 1 2 3 4 5 6 7 |  7.0
Throwing       | 2 3 4 5 6 |  6.0
Evocations     | 1 3 4 5 6 |  6.0
Air Magic      | 2 4 |  4.4
Ice Magic      | 2 4 |  4.5
Dodging        | 2 3 |  3.0
Earth Magic    | 3 |  3.4
Fighting       | 4 |  4.3
Armour         | |  3.0

Action                     |  1- 3 |  4- 6 |  7- 9 | 10-12 | 13-15 || total
---------------------------+-------+-------+-------+-------+-------++-------
  Melee: Hand axe          |    82 |    36 |       |    20 |    11 ||   149
         Punch             |     1 |       |       |       |       ||     1
         Flail             |       |     1 |       |       |       ||     1
         Trident           |       |    37 |    14 |       |       ||    51
         Rapier            |       |       |     4 |    90 |   241 ||   335
         Dagger            |       |       |    78 |     8 |       ||    86
         Demon blade       |       |       |       |       |     8 ||     8
  Throw: Dart              |       |       |       |     9 |     6 ||    15
   Cast: Foxfire           |    13 |    84 |   232 |   351 |   391 ||  1071
         Sting             |     4 |    14 |    37 |   124 |   129 ||   308
         Ignite Poison     |       |       |    11 |    53 |   107 ||   171
         Freezing Cloud    |       |       |       |       |    23 ||    23
         Poisonous Vapours |       |       |       |       |    43 ||    43
         Iron Shot         |       |       |       |       |    32 ||    32
  Evoke: Wand              |       |       |       |     4 |    14 ||    18
         Condenser vane    |       |       |       |     1 |     1 ||     2
    Use: Potion            |       |       |     1 |     6 |     4 ||    11
         Scroll            |       |       |     6 |     7 |    17 ||    30
   Stab: Sleeping          |       |       |       |     4 |     7 ||    11
         Paralysed         |       |       |       |     2 |    12 ||    14
 Armour: Chain mail        |    39 |       |       |       |       ||    39
         Ring mail         |     2 |    46 |    51 |    11 |       ||   110
         Leather armour    |       |       |       |    60 |    89 ||   149
         Steam dragon scal |       |       |       |    92 |   193 ||   285
         Skin              |       |       |       |     2 |       ||     2
  Dodge: Dodged            |    47 |    53 |    61 |   211 |   283 ||   655
  Block: Buckler           |     3 |    15 |    48 |   111 |   200 ||   377

Levels and vault maps discovered:
D:1:      saegor_arrival_simple_b, layout_rooms,
          shapermc_ecumenical_altar_rom_forum, serial_park_tiny_pond
D:2:      layout_basic, minmay_misc_feat_iff, minmay_misc_feat_secret_circle,
          corexii_corridor_pit
D:3:      layout_rooms, amethyst_overflow_temple_binary, serial_shops,
          nicolae_shop_stone, nicolae_shop_window_shopping,
          nrook_mini_backslash, minmay_misc_feat_enclosed, chequers_mini_garden,
          minmay_misc_feat_ornament
D:4:      layout_loops_corners, mainiacjoe_overflow_catwalk,
          minmay_temple_entry_water_ring, hellmonk_ghost_happy_afterlife,
          minmay_rat_hole
D:5:      layout_rooms, fedhas_altar_fruit_tree, uniq_eustachio,
          uniq_blork_the_orc
D:6:      layout_loops_ring, grunt_ministairs_1, uniq_edmund,
          uniq_crazy_yiuf_cottage
D:7:      layout_cave_pods
D:8:      layout_basic, serial_shops, nicolae_lakefront_shop
D:9:      layout_cave_pods, hellmonk_lair_entry_icy, uniq_psyche
D:10:     layout_basic, grunt_dithmenos_smoke_and_mirrors
D:11:     layout_roguey, orc_0_dummy, uniq_harold
D:12:     layout_basic, serial_shops, shop
D:13:     layout_loops_cross, david_vaults_3
D:14:     layout_roguey, portal_ice_cave_entry_pillars_four, serial_park_tiny_2,
          kennysheep_cross_bottleneck, minmay_misc_feat_more_columns
Temple:   minmay_temple_bridge_d
Lair:1:   layout_regular_city, serial_bayou_crossing
Lair:2:   layout_gridlike, nicolae_quartered_pool_super,
          cheibrodos_lair_lostbears, uniq_amaemon, uniq_gastronok
Lair:3:   layout_regular_city, elwin_shoals_entry_rooms,
          nicolae_spider_entry_non_spiders, enter_volcano_4,
          infiniplex_staircase_pool
Lair:4:   layout_roguey, nzn_sisyphean_effort
Lair:5:   minmay_lair_end_enchanted_forest, layout_small_grid, slime_entry_1,
          gammafunk_ghost_split, gauntlet_entry_generic, serial_bayou_pond_e,
          chequers_serial_rivers_micro_d
IceCv:    ice_cave_tombish

Notes
Turn   | Place    | Note
-------+----------+-------------------------------------------
     0 | D:1      | Jeffwins the Human Wanderer began the quest for the Orb.
     0 | D:1      | Jeffwins set off with the following items: a +0 club, a
                  | scroll of fog, a scroll of teleportation {@r4}, a +0 chain
                  | mail; and the following spell memorised: Sting; and the
                  | following spells available to memorise: Ignite Poison.
     0 | D:1      | Reached XP level 1. HP: 18/18 MP: 2/2
   159 | D:1      | Reached XP level 2. HP: 15/24 MP: 4/4
   378 | D:1      | Reached skill level 1 in Transmutations
   396 | D:1      | Found a faded altar of an unknown god.
   410 | D:1      | Got Plato's Essays on the Dragon
   413 | D:1      | Learned a level 1 spell: Foxfire
   625 | D:2      | Reached XP level 3. HP: 26/29 MP: 1/5
   696 | D:2      | Learned a level 3 spell: Ignite Poison
  1693 | D:2      | Reached skill level 1 in Stealth
  1693 | D:2      | Reached XP level 4. HP: 33/35 MP: 1/6
  1781 | D:2      | Reached skill level 1 in Fire Magic
  1795 | D:2      | Reached skill level 1 in Conjurations
  2083 | D:3      | Found Jyd Teorgheurch's Antique Armour Shop.
  2289 | D:3      | Found Jaiteog's Weapon Emporium.
  2423 | D:3      | Found a glowing golden altar of the Shining One.
  2433 | D:3      | Found a burning altar of Makhleb.
  2685 | D:2      | Reached XP level 5. HP: 27/41 MP: 4/7
  2744 | D:3      | Reached skill level 2 in Spellcasting
  3009 | D:4      | Found a staircase to the Ecumenical Temple.
  3025 | Temple   | Entered the Ecumenical Temple
  3160 | Temple   | Became a worshipper of Vehumet
  3276 | D:4      | Noticed meatpath's ghost (amateur DrBe)
  3279 | D:4      | Found a runed translucent door.
  3282 | D:4      | Identified the ring of Ramyuj {rElec rF+ Dex+6}
  3414 | D:4      | Found a shimmering altar of Xom.
  3538 | D:4      | Reached skill level 2 in Transmutations
  3538 | D:4      | Reached skill level 3 in Poison Magic
  3538 | D:4      | Reached XP level 6. HP: 47/47 MP: 3/9
  3867 | D:4      | Reached skill level 2 in Conjurations
  4270 | D:4      | Reached skill level 2 in Fire Magic
  4331 | D:4      | Reached skill level 1 in Shields
  4845 | D:5      | Entered Level 5 of the Dungeon
  4850 | D:5      | Noticed an ogre
  4863 | D:4      | Reached XP level 7. HP: 43/52 MP: 6/11
  5022 | D:5      | Noticed Blork the orc
  5025 | D:5      | Reached skill level 2 in Stealth
  5114 | D:5      | Killed Blork the orc
  5115 | D:5      | Reached skill level 3 in Spellcasting
  5164 | D:5      | HP: 5/52 [ogre/+0 giant club (7)]
  5168 | D:5      | Reached skill level 3 in Transmutations
  5211 | D:5      | Noticed Eustachio
  5388 | D:4      | Reached skill level 3 in Conjurations
  5388 | D:4      | Reached XP level 8. HP: 57/58 MP: 0/12
  5590 | D:5      | Reached skill level 3 in Fire Magic
  5592 | D:5      | Reached skill level 2 in Shields
  5592 | D:5      | Reached skill level 4 in Poison Magic
  5902 | D:5      | Killed Eustachio
  6299 | D:5      | Found a blossoming altar of Fedhas.
  6385 | D:6      | Reached * piety under Vehumet
  6385 | D:6      | Offered knowledge of Kiss of Death by Vehumet.
  6583 | D:6      | Noticed Edmund
  6589 | D:6      | Killed Edmund
  6590 | D:6      | Reached skill level 3 in Stealth
  6590 | D:6      | Reached skill level 4 in Spellcasting
  6590 | D:6      | Reached skill level 4 in Conjurations
  6590 | D:6      | Reached skill level 4 in Transmutations
  6590 | D:6      | Reached XP level 9. HP: 43/63 MP: 7/15
  6715 | D:6      | Reached skill level 4 in Fire Magic
  7247 | D:6      | Reached skill level 5 in Poison Magic
  7637 | D:6      | Found a runed translucent door.
  7638 | D:6      | Noticed Crazy Yiuf
  7649 | D:6      | Killed Crazy Yiuf
  8100 | D:7      | Reached skill level 3 in Shields
  8423 | D:7      | Reached skill level 5 in Transmutations
  9473 | D:8      | Identified a scroll of acquirement
  9473 | D:8      | Acquired 742 gold pieces
  9497 | D:8      | Reached skill level 5 in Conjurations
  9497 | D:8      | Reached XP level 10. HP: 44/70 MP: 9/17
  9672 | D:8      | Found Tujuit's Antique Weapon Shop.
  9703 | D:8      | Reached skill level 4 in Stealth
  9703 | D:8      | Reached skill level 5 in Fire Magic
  9708 | D:8      | Reached skill level 5 in Spellcasting
 10121 | D:8      | Reached ** piety under Vehumet
 10128 | D:8      | Offered knowledge of Searing Ray by Vehumet.
 10549 | D:9      | Noticed Psyche
 10603 | D:9      | Killed Psyche
 10604 | D:9      | Reached skill level 1 in Throwing
 10604 | D:9      | Reached skill level 6 in Poison Magic
 10604 | D:9      | Reached skill level 1 in Evocations
 10676 | D:9      | Noticed a rime drake
 10857 | D:8      | Killed a rime drake
 11231 | D:9      | Reached skill level 6 in Transmutations
 11870 | D:9      | Reached skill level 2 in Throwing
 11874 | D:9      | Reached skill level 6 in Conjurations
 11874 | D:9      | Reached skill level 6 in Fire Magic
 11874 | D:9      | Reached XP level 11. HP: 62/75 MP: 7/19
 11890 | D:9      | Reached skill level 2 in Evocations
 12108 | D:9      | Found a staircase to the Lair.
 12303 | D:10     | Entered Level 10 of the Dungeon
 12605 | D:10     | Noticed a two-headed ogre
 12610 | D:10     | Reached skill level 4 in Shields
 12639 | D:10     | Killed a two-headed ogre
 12640 | D:10     | Reached skill level 6 in Spellcasting
 12770 | D:10     | Found a shadowy altar of Dithmenos.
 12952 | D:10     | Reached skill level 5 in Stealth
 12982 | D:10     | Offered knowledge of Momentum Strike by Vehumet.
 12983 | D:10     | Reached skill level 7 in Poison Magic
 13658 | D:10     | Noticed a two-headed ogre
 13667 | D:10     | Killed a two-headed ogre
 13850 | D:10     | Reached skill level 7 in Transmutations
 13903 | D:11     | Reached skill level 3 in Throwing
 14111 | D:11     | Noticed a white ugly thing
 14117 | D:11     | Killed a white ugly thing
 14117 | D:11     | Reached *** piety under Vehumet
 14227 | D:11     | Reached skill level 7 in Fire Magic
 14246 | D:11     | Noticed Harold
 14260 | D:11     | Killed Harold
 14261 | D:11     | Reached skill level 7 in Conjurations
 14261 | D:11     | Reached skill level 3 in Evocations
 14500 | D:11     | Noticed a two-headed ogre
 14605 | D:11     | Killed a two-headed ogre
 14606 | D:11     | Reached XP level 12. HP: 66/81 MP: 19/22
 14826 | D:11     | Offered knowledge of Dazzling Flash by Vehumet.
 14946 | D:11     | Found a staircase to the Orcish Mines.
 15066 | Lair:1   | Entered Level 1 of the Lair of Beasts
 15695 | Lair:1   | HP: 12/121 [poisoned by a cane toad]
 16279 | Lair:2   | Noticed Amaemon
 16293 | Lair:1   | Reached skill level 7 in Spellcasting
 16382 | Lair:2   | Killed Amaemon
 16383 | Lair:2   | Reached skill level 8 in Poison Magic
 16861 | Lair:2   | Reached skill level 5 in Shields
 17323 | Lair:2   | Noticed Gastronok
 17339 | Lair:2   | Killed Gastronok
 17340 | Lair:2   | Reached skill level 8 in Transmutations
 17491 | Lair:2   | You fall into a shaft and drop 1 floor!
 17508 | Lair:3   | Reached skill level 4 in Throwing
 17515 | Lair:3   | Reached skill level 8 in Conjurations
 17515 | Lair:3   | Reached skill level 8 in Fire Magic
 17693 | Lair:3   | Noticed a skyshark
 17732 | Lair:3   | Found a dark tunnel.
 17737 | Volcano  | Entered a volcano
 17786 | Volcano  | Reached skill level 4 in Evocations
 17814 | Volcano  | Reached XP level 13. HP: 42/86 MP: 24/24
 18067 | Volcano  | Reached **** piety under Vehumet
 18242 | Volcano  | Found the +2 cloak of the Thief {*Fog Slay-2 SInv Stlth+}
 18242 | Volcano  | Noticed a fire dragon
 18257 | Volcano  | Killed a fire dragon
 18278 | Volcano  | Identified a potion of resistance
 18537 | Lair:3   | Offered knowledge of Frozen Ramparts by Vehumet.
 18764 | Lair:3   | Identified the +2 pair of gloves of a wizard's laboratory
                  | {rPois rN+ Will- Dex+3}
 18836 | Lair:3   | Reached skill level 8 in Spellcasting
 18836 | Lair:3   | Reached skill level 9 in Poison Magic
 19663 | Lair:3   | Found a hole to the Spider Nest.
 19888 | Lair:3   | Found a staircase to the Shoals.
 20786 | Lair:4   | Reached skill level 9 in Transmutations
 21034 | Lair:4   | Reached skill level 5 in Throwing
 21288 | Lair:5   | Entered Level 5 of the Lair of Beasts
 21291 | Lair:5   | Found a viscous altar of Jiyva.
 21291 | Lair:5   | Found a staircase to the Slime Pits.
 21450 | Lair:5   | Reached skill level 9 in Conjurations
 21457 | Lair:5   | Reached skill level 9 in Fire Magic
 21643 | Lair:5   | Reached ***** piety under Vehumet
 21667 | Lair:5   | Reached skill level 6 in Shields
 21668 | Lair:5   | Paralysed by a hornet for 3 turns
 21734 | Lair:5   | Noticed a catoblepas
 21737 | Lair:5   | Noticed an eight-headed hydra
 21737 | Lair:5   | Noticed a four-headed hydra
 21895 | Lair:5   | Offered knowledge of Freezing Cloud by Vehumet.
 21896 | Lair:5   | Reached XP level 14. HP: 69/93 MP: 24/26
 22550 | Lair:5   | Reached skill level 5 in Evocations
 23354 | Lair:5   | Identified the +1 leather armour of Recklessness {*Corrode
                  | rF+ Str+3}
 23423 | Lair:5   | Noticed 12572944's ghost (journeyman MiBe)
 23430 | Lair:5   | Found a runed translucent gate.
 23430 | Lair:5   | Found a runed translucent gate.
 23430 | Lair:5   | Found a runed translucent gate.
 23520 | Lair:5   | Learned a level 5 spell: Freezing Cloud
 23864 | Lair:5   | Reached skill level 1 in Air Magic
 23936 | Lair:5   | Reached skill level 1 in Ice Magic
 24079 | Lair:5   | Reached skill level 9 in Spellcasting
 24260 | Lair:5   | Reached skill level 10 in Poison Magic
 24539 | Lair:5   | Reached skill level 2 in Ice Magic
 25010 | Lair:5   | Reached skill level 2 in Air Magic
 26024 | D:13     | Noticed Urug
 26024 | D:13     | Noticed Nessos
 26024 | D:13     | Found a gate to the Vaults.
 26439 | D:12     | Reached skill level 2 in Dodging
 26596 | D:12     | Found Olaumiq's Book Boutique.
 26603 | D:12     | Reached skill level 10 in Transmutations
 26606 | D:12     | Bought a book of Vapours for 364 gold pieces
 26606 | D:12     | Bought a book of Power for 588 gold pieces
 26609 | D:12     | Learned a level 2 spell: Poisonous Vapours
 26613 | D:12     | Learned a level 3 spell: Mephitic Cloud
 26620 | D:12     | Learned a level 6 spell: Iron Shot
 26811 | D:12     | Reached skill level 10 in Conjurations
 26815 | D:12     | Reached XP level 15. HP: 98/98 MP: 24/28
 27128 | D:13     | Reached skill level 3 in Air Magic
 27137 | D:13     | Reached skill level 10 in Fire Magic
 27137 | D:13     | Reached skill level 3 in Ice Magic
 27137 | D:13     | Reached skill level 1 in Earth Magic
 27232 | D:13     | Offered knowledge of Yara's Violent Unravelling by Vehumet.
 27373 | D:13     | Reached skill level 6 in Throwing
 27533 | D:13     | Reached skill level 2 in Earth Magic
 27711 | D:13     | Killed Nessos
 28015 | D:13     | Killed Urug
 28016 | D:13     | Reached skill level 4 in Fighting
 28499 | D:14     | Acquired the amulet of Botevime {Reflect Str+2 SH+5}
 28598 | D:14     | Reached skill level 4 in Ice Magic
 28645 | D:14     | Reached skill level 4 in Air Magic
 28781 | D:14     | Reached skill level 3 in Earth Magic
 29043 | D:14     | Found a frozen archway.
 29054 | D:14     | Reached skill level 3 in Dodging
 29054 | D:14     | Reached skill level 7 in Shields
 29071 | D:14     | Reached skill level 6 in Evocations
 29111 | IceCv    | Entered an ice cave
 29398 | IceCv    | HP: 8/100 [spriggan defender simulacrum (5)]
 29398 | IceCv    | Slain by a spriggan defender simulacrum

Vanquished Creatures
  Gastronok (Lair:2)
  Nessos (D:13)
  A fire dragon (Volcano)
  4 hydras
  Harold (D:11)
  A catoblepas (Lair:5)
  A caustic shrike simulacrum (IceCv)
  4 boulder beetles
  3 centaur warriors
  6 death yaks (Lair:5)
  5 two-headed ogres
  A tengu warrior (D:13)
  Urug (D:13)
  Amaemon (Lair:2)
  2 skysharks
  A spriggan simulacrum (IceCv)
  3 lindwurms (Volcano)
  A deep elf pyromancer (D:13)
  2 ugly things
  10 cyclopes
  2 manticores
  6 elephants
  A black mamba (Lair:5)
  A merfolk siren (Lair:3)
  2 smoke demons (Volcano)
  An orange demon (Lair:2)
  3 torpor snails
  A gargoyle (D:11)
  8 cane toads
  2 rime drakes
  7 komodo dragons
  A cane toad (shapeshifter) (D:14)
  Psyche (D:9)
  2 freezing wraiths (IceCv)
  4 kobold demonologists
  A tengu conjurer (D:13)
  3 trolls
  5 polar bears
  3 meliai (D:14)
  7 hornets
  12 blink frogs
  A dream sheep (Lair:5)
  13 spriggans (Lair:5)
  5 slime creatures (D:13)
  A water elemental (D:14)
  2 shadows
  2 wraiths
  A wyvern (Lair:3)
  Eustachio (D:5)
  4 steam dragons
  A basilisk (Lair:5)
  25 yaks
  16 humans (D:13)
  10 vampire mosquitoes
  Edmund (D:6)
  A naga (shapeshifter) (D:14)
  An acid dragon (D:14)
  4 hell hounds (Volcano)
  10 water moccasins
  6 black bears (Lair:5)
  7 ice beasts
  6 orc warriors
  An ettin simulacrum (IceCv)
  4 ogres
  3 boggarts (Lair:5)
  8 centaurs
  30 wolves
  2 phantoms
  3 kobold brigands
  12 bullfrogs
  A gnoll sergeant (D:10)
  Blork the orc (D:5)
  7 scorpions
  A deep troll simulacrum (IceCv)
  4 wights (D:7)
  4 killer bees (D:8)
  8 howler monkeys
  An electric eel (Lair:2)
  5 hounds
  7 orc priests
  2 gnoll boudas
  3 jellies
  3 sleepcaps
  Crazy Yiuf (D:6)
  4 iguanas
  13 orc wizards
  6 adders
  14 gnolls
  A shadow imp (D:7)
  2 white imps
  2 worms
  4 dart slugs
  51 orcs
  6 ball pythons
  3 endoplasms
  4 giant cockroaches
  5 hobgoblins
  3 quokkas
  4 bats
  A frilled lizard (D:3)
  5 goblins
  13 kobolds
  22 rats
515 creatures vanquished.

Vanquished Creatures (collateral kills)
  39 foxfires
39 creatures vanquished.

Vanquished Creatures (others)
  A bush (Lair:5)
  1906 foxfires
  31 fungi
  50 plants
1988 creatures vanquished.

Grand Total: 2542 creatures vanquished

Table legend: (Time is in decaauts)
 A = Elapsed time spent in this place.
 B = Non-inter-level travel time spent in this place.
 C = Inter-level travel time spent in this place.
 D = Time resting spent in this place.
 E = Time spent auto-exploring this place.
 F = Levels seen in this place.
 G = Mean time per level.
                   A        B        C        D        E       F      G
               +--------+--------+--------+--------+--------+-----+--------+
         Total |  29627 |  28640 |    987 |   3244 |  19951 |  22 | 1346.7 |
       Dungeon |  18853 |  18129 |    724 |   1544 |  13362 |  14 | 1346.6 |
        Temple |    207 |    109 |     98 |      0 |    100 |   1 |  207.0 |
          Lair |   9590 |   9426 |    164 |   1370 |   6228 |   5 | 1918.0 |
      Ice Cave |    286 |    286 |      0 |      0 |    225 |   1 |  286.0 |
       Volcano |    689 |    689 |      0 |    330 |     36 |   1 |  689.0 |
               +--------+--------+--------+--------+--------+-----+--------+

Top non-repeatable levels by time:
  Lair:5: 3899 daAuts
     D:4: 1979 daAuts
     D:7: 1698 daAuts
  Lair:3: 1695 daAuts
    D:13: 1647 daAuts
    D:10: 1644 daAuts
    D:11: 1639 daAuts
     D:2: 1585 daAuts
     D:9: 1482 daAuts
     D:6: 1431 daAuts
     D:8: 1390 daAuts
  Lair:2: 1361 daAuts
  Lair:4: 1350 daAuts
  Lair:1: 1283 daAuts
     D:5: 1168 daAuts

Table legend:
 A = Non-vault XP
 B = Vault XP
 C = Vault XP percentage of total XP
 D = Non-vault monster count
 E = Vault monster count
 F = Vault count percentage of total count
                 A         B        C        D         E       F
            +---------+---------+-------+---------+---------+-------
      Total |   64915 |   32149 |  33.1 |     372 |     143 |  27.8
            +---------+---------+-------+---------+---------+-------
        D:1 |      24 |       0 |   0.0 |      14 |       0 |   0.0
        D:2 |      92 |       0 |   0.0 |      16 |       0 |   0.0
        D:3 |      69 |       0 |   0.0 |      15 |       0 |   0.0
        D:4 |     462 |      20 |   4.1 |      17 |      19 |  52.8
        D:5 |     760 |     281 |  27.0 |      20 |       2 |   9.1
        D:6 |     637 |     317 |  33.2 |      18 |       7 |  28.0
        D:7 |    1184 |       0 |   0.0 |      33 |       0 |   0.0
        D:8 |     764 |    1008 |  56.9 |      16 |       6 |  27.3
        D:9 |    1635 |    1013 |  38.3 |      17 |       6 |  26.1
       D:10 |    4521 |       0 |   0.0 |      23 |       0 |   0.0
       D:11 |    5287 |     868 |  14.1 |      30 |       1 |   3.2
       D:12 |    6024 |       0 |   0.0 |      18 |       0 |   0.0
       D:13 |    7330 |    6619 |  47.5 |      17 |      20 |  54.1
       D:14 |    7840 |       0 |   0.0 |      29 |       0 |   0.0
     Lair:1 |    2079 |       0 |   0.0 |       8 |       0 |   0.0
     Lair:2 |    2192 |    3315 |  60.2 |      11 |       5 |  31.2
     Lair:3 |    4487 |    1222 |  21.4 |      17 |       9 |  34.6
     Lair:4 |    4578 |     836 |  15.4 |      16 |       1 |   5.9
     Lair:5 |   14950 |    9345 |  38.5 |      37 |      48 |  56.5
      IceCv |       0 |    2460 | 100.0 |       0 |       6 | 100.0
    Volcano |       0 |    4845 | 100.0 |       0 |      13 | 100.0
            +---------+---------+-------+---------+---------+-------
